Map: Torches LE

Players

IlIlIlIlIlII

  • Race: Terran Terran
  • League: Diamond
  • Spawn Location: 1:00

Teddy - Winner!

  • Race: Protoss Protoss
  • League: Diamond
  • Spawn Location: 5:00

VOD

Have the link to the VOD?

Description

Time

  • Played on: July 26, 2025, 10:50 p.m.
  • Length: 12:38
Show
View Real Time Build Order
Export as new Build Order

IlIlIlIlIlII Terran 

Build Orders:  

Get SALT Encoding   

  12  0:09  Supply Depot  
  12  0:12  SCV  
  13  0:25  SCV  
  14  0:32  Barracks  
  14  0:37  SCV  
  15  0:46  Refinery  
  15  0:48  Refinery  
  15  0:53  SCV  
  16  1:05  SCV  
  17  1:19  Marine  
  17  1:24  Orbital Command  
  18  1:37  Marine  
  19  1:40  Supply Depot  
  19  1:50  SCV  
  20  1:55  Marine  
  21  2:07  Factory  
  21  2:17  Marine  
  22  2:31  Command Center  
  22  2:42  Barracks Reactor  
  22  2:50  SCV  
  23  2:52  Command Center  
  23  2:57  Factory Tech Lab  
  23  3:02  SCV  
  24  3:06  Engineering Bay  
  24  3:14  SCV  
  25  3:21  Marine x2  
  25  3:25  Siege Tank  
  26  3:36  Bunker  
  26  3:37  SCV  
  26  3:39  Marine  
  26  3:40  Marine  
  29  3:48  Supply Depot  
  29  3:56  Marine  
  29  3:58  Marine  
  31  4:09  Orbital Command  
  30  4:13  Orbital Command  
  30  4:14  Marine  
  30  4:16  Marine  
  32  4:18  SCV  
  33  4:27  Siege Tank  
  33  4:30  SCV  
  37  4:37  Terran Infantry Weapons Level 1  
  37  4:42  SCV  
  37  4:43  Marine x2  
  40  4:49  Barracks  
  40  4:55  Orbital Command  
  40  4:59  Siege Tank  
  43  5:12  Marine x2  
  45  5:15  SCV  
  45  5:16  SCV  
  47  5:29  Marine  
  47  5:30  Marine, SCV  
  47  5:34  SCV x2  
  52  5:39  Siege Tank  
  55  5:43  Barracks Tech Lab  
  55  5:49  Starport, SCV  
  56  5:50  Marine x2  
  56  5:56  SCV x2  
  60  5:58  Refinery  
  60  6:02  Supply Depot, Marine  
  61  6:06  SCV  
  61  6:08  SCV x2  
  61  6:10  Refinery  
  64  6:11  Marine x2  
  66  6:20  Marine, SCV  
  68  6:26  Supply Depot, Stimpack  
  68  6:29  Marine x2, SCV  
  68  6:30  SCV  
  68  6:31  Terran Infantry Armor Level 1  
  72  6:40  Marine, Starport Reactor  
  72  6:42  SCV  
  74  6:48  Orbital Command, SCV  
  74  6:49  Marine x2  
  74  6:51  Siege Tank  
  80  6:59  Marauder  
  81  7:03  SCV  
  81  7:04  Ghost Academy, SCV  
  81  7:07  Marine  
  84  7:12  Supply Depot  
  84  7:13  Supply Depot  
  84  7:16  SCV  
  85  7:25  Marine x2, SCV, Medivac x2  
  85  7:29  Marine  
  92  7:33  Siege Tank  
  92  7:35  SCV  
  92  7:37  Supply Depot x2  
  97  7:42  Ghost  
  97  7:43  Marine  
  101  7:47  Marine  
  101  7:49  Orbital Command  
  102  7:53  SCV  
  102  7:54  Armory  
  103  8:01  Bunker, Marine  
  103  8:03  Supply Depot  
  104  8:06  Missile Turret  
  104  8:07  Marine, Siege Tank  
  104  8:09  SCV, Medivac  
  104  8:11  SCV  
  112  8:18  Missile Turret  
  113  8:20  Ghost  
  115  8:30  Marine  
  115  8:31  Marine  
  115  8:32  SCV  
  115  8:33  SCV  
  119  8:34  Medivac  
  119  8:41  Supply Depot, Siege Tank  
  124  8:42  Supply Depot  
  123  8:48  Marine  
  123  8:51  Marine  
  123  8:53  Ghost  
  123  8:54  SCV  
  129  8:56  Refinery  
  129  8:57  Refinery  
  129  8:58  SCV x2  
  131  9:04  Supply Depot  
  131  9:21  Marine x2  
  131  9:22  Marine, Siege Tank  
  131  9:23  SCV  
  137  9:31  Medivac  
  137  9:32  Command Center  
  137  9:34  Combat Shield  
  139  9:38  Marine  
  140  9:46  Marine x2  
  142  9:54  Siege Tank  
  142  9:59  SCV x3  
  148  10:03  Terran Infantry Weapons Level 2  
  148  10:04  Barracks  
  148  10:05  Barracks  
  148  10:07  Barracks  
  148  10:11  SCV  
  145  10:30  Marine x2  
  145  10:31  Marauder  
  145  10:32  Siege Tank, Medivac  
  145  10:33  Medivac  
  155  10:39  Command Center  
  155  10:40  Command Center  
  155  10:42  Command Center, SCV x2  
  157  10:44  SCV  
  157  10:46  Supply Depot  
  158  10:54  SCV x2  
  160  10:59  Barracks Tech Lab x3  
  160  11:02  Ghost  
  160  11:03  SCV  
  164  11:07  Marine x2  
  164  11:08  Siege Tank  
  164  11:09  Medivac  
  165  11:20  Planetary Fortress  
  165  11:25  Marine  
  166  11:27  Marine x2  
  166  11:28  Marauder  
  166  11:30  Ghost  
  166  11:31  SCV  
  136  12:04  Marine x2  
  136  12:05  Marauder x2, Marine  
  136  12:06  Marauder  
Show
View Real Time Build Order
Export as new Build Order

Teddy Protoss - Winner!

Build Orders:  

Get SALT Encoding   

  12  0:00  Probe  
  13  0:12  Probe  
  14  0:17  Pylon  
  14  0:23  Probe  
  15  0:35  Probe  
  15  0:38  Gateway  
  16  0:45  Probe  
  17  0:50  Assimilator  
  17  0:59  Probe  
  18  1:11  Probe  
  18  1:15  Gateway  
  19  1:24  Probe  
  20  1:30  Cybernetics Core  
  20  1:33  Pylon  
  20  1:36  Probe  
  21  1:41  Assimilator  
  21  1:55  Stalker x2  
  25  2:15  Probe  
  26  2:22  Warp Gate  
  25  2:27  Probe  
  26  2:40  Stalker x2  
  30  2:48  Probe  
  31  2:57  Nexus  
  31  3:05  Pylon  
  30  3:30  Stalker  
  30  3:31  Stalker  
  34  3:42  Twilight Council  
  34  3:46  Pylon  
  34  3:50  Pylon  
  34  3:51  Probe  
  35  4:04  Probe  
  34  4:11  Blink  
  34  4:12  Probe  
  34  4:15  Stalker x2  
  34  4:16  Probe  
  40  4:24  Probe  
  41  4:28  Probe  
  42  4:36  Probe  
  43  4:41  Probe  
  44  4:48  Probe  
  45  4:54  Probe  
  46  5:02  Templar Archives  
  46  5:07  Probe x2  
  48  5:12  Robotics Facility  
  48  5:15  Assimilator  
  48  5:17  Sentry  
  48  5:18  Assimilator  
  48  5:21  Probe x2  
  52  5:33  Pylon, Probe x2  
  54  5:35  Shield Battery  
  54  5:45  Probe x2  
  56  5:50  Warp Prism  
  56  5:57  Probe x2, Charge  
  60  6:05  Stalker x2  
  60  6:09  Probe x2  
  66  6:18  Gateway  
  66  6:21  Probe x2  
  66  6:24  Gateway  
  68  6:26  Gateway  
  68  6:28  Gateway  
  68  6:31  Gateway  
  68  6:33  Observer  
  69  6:49  High Templar x2  
  73  7:07  Nexus  
  73  7:10  Pylon  
  73  7:23  Zealot x2  
  77  7:30  Pylon, Zealot x2  
  77  7:32  Pylon  
  81  7:38  Probe x2  
  83  7:46  Pylon  
  83  7:48  Immortal, Pylon  
  87  7:55  Zealot x5  
  87  7:56  Zealot x2  
  101  8:00  Probe  
  101  8:04  Probe  
  103  8:18  Shield Battery  
  103  8:20  Shield Battery  
  103  8:24  Forge  
  103  8:26  Forge  
  103  8:28  Pylon  
  103  8:30  Pylon, High Templar x3  
  103  8:31  High Templar  
  103  8:33  High Templar x2  
  115  8:34  High Templar  
  115  8:40  Probe x3  
  120  8:48  Immortal, Archon x3  
  120  8:49  Archon  
  120  8:52  Probe x3  
  127  9:04  High Templar  
  127  9:07  Zealot x4  
  127  9:08  Zealot x2  
  141  9:11  Probe x2  
  141  9:12  Probe, Archon  
  141  9:16  Assimilator  
  144  9:35  Protoss Ground Weapons Level 1  
  144  9:36  Gateway x2, Protoss Ground Armor Level 1  
  144  9:42  Assimilator  
  144  9:45  Robotics Bay  
  144  9:48  Psionic Storm  
  144  9:49  Pylon  
  144  9:54  Robotics Facility  
  144  9:58  Pylon  
  144  10:04  High Templar  
  146  10:10  Zealot x3  
  146  10:11  Zealot x2  
  145  10:33  Colossus  
  145  10:34  Probe x3  
  148  10:35  Colossus  
  148  10:41  Extended Thermal Lance  
  148  10:42  Pylon  
  148  10:43  Pylon  
  148  10:46  Pylon  
  148  10:48  Pylon  
  160  11:08  Zealot x2  
  160  11:09  Zealot x5  
  170  11:24  Stalker x2  
  145  11:48  Zealot x3  
  145  11:49  Zealot  
  145  11:50  Zealot x5  
  145  12:14  Zealot x6  
  145  12:15  Zealot x3  
Tags
 
Add a new tag
Caveats
  • Supply blocks, unpowered buildings, or Contaminate may cause inaccurate times.
  • Supply counts are checked every 10 seconds.